 Dungeon Crawl Stone Soup version 0.30.0 (console) character file.

Game seed: 10948802862052781858

31 thromnambular the Ogre Mage (level 3, -1/52 HPs)
             Began as an Ogre Air Elementalist on May 6, 2023.
             Slain by an adder (3 damage)
             ... on level 2 of the Dungeon.
             The game lasted 00:03:13 (1262 turns).

thromnambular the Ogre Mage (Ogre Air Elementalist) Turns: 1262, Time: 00:03:13

Health: -1/52      AC:  3    Str: 12    XL:     3   Next: 22%
Magic:  1/7        EV: 10    Int: 16    God:
Gold:   155        SH:  0    Dex: 11    Spells: 5/8 levels left

rFire   + . .        g - +0 dagger (drain)
rCold   . . .        (no shield)
rNeg    . . .        a - +0 robe
rPois   .            (helmet restricted)
rElec   .            (no cloak)
rCorr   .            (gloves unavailable)
SInv    .            (boots unavailable)
Will    .....        (no amulet) Stlth
                     i - ring of protection from fire
HPRegen 0.28/turn    (no ring)
MPRegen 0.10/turn

%: no passive effects
@: berserking, lethally poisoned (-1 -> -6), very slightly contaminated, very
quick
A: large, unfitting armour, tough skin 1
a: no special abilities


You were on level 2 of the Dungeon.
You visited 1 branch of the dungeon, and saw 2 of its levels.

You collected 155 gold pieces.

Inventory:

Hand Weapons
 c - a +0 dagger
 g - a +0 dagger of draining (weapon)
Armour
 a - a +0 robe (worn)
Jewellery
 i - a ring of protection from fire (left hand)
Scrolls
 d - a scroll of magic mapping
 f - a scroll of teleportation {unknown}
 j - a scroll of identify {unknown}
 k - a scroll of fog {unknown}
Potions
 b - a potion of magic
 h - a potion of might {unknown}


   Skills:
 + Level 2.0 Fighting
 + Level 2.4 Dodging
 - Level 1.4 Stealth
 - Level 3.0 Spellcasting
 - Level 0.8 Conjurations
 + Level 2.6 Air Magic


You had 5 spell levels left.
You knew the following spells:

 Your Spells              Type           Power      Damage    Failure   Level
a - Shock                 Conj/Air       32%        1d5       9%          1
b - Static Discharge      Conj/Air       16%        2-3/arc   14%         2

Your spell library contained the following spells:

 Spells                   Type           Power      Damage    Failure   Level
 Swiftness                Air            11%        N/A       19%         3
 Airstrike                Air            5%         2d(1-17)  52%         4


Dungeon Overview and Level Annotations

Branches:
Dungeon (2/15)

Altars:

Shops:
D:2 ?


Innate Abilities, Weirdness & Mutations

You are too large for most types of armour.
You have tough skin. (AC +1)


Message History

The adder poisons you!
Aiming: Shock (safe; 9% risk of failure)
Press: ? - help, Q - select action, (/) - cycle Shift-Dir - straight line The zap misses the adder.
You feel sick. The adder misses you.
Unknown command.
Aiming: Shock (safe; 9% risk of failure)
Press: ? - help, Q - select action, (/) - cycle Shift-Dir - straight line The zap hits the adder.
The adder is severely wounded.
You feel sick. The adder bites you.
* * * LOW HITPOINT WARNING * * *
You are lethally poisoned!
The adder poisons you! The adder bites you but does no damage.
Aiming: Shock (safe; 9% risk of failure)
Press: ? - help, Q - select action, (/) - cycle Shift-Dir - straight line The zap misses the adder.
* * * LOW HITPOINT WARNING * * *
You feel very sick. The adder closely misses you.
Aiming: Shock (safe; 9% risk of failure)
Press: ? - help, Q - select action, (/) - cycle Shift-Dir - straight line You miscast Shock.
You are very lightly contaminated with residual magic.
Nothing appears to happen.
* * * LOW HITPOINT WARNING * * *
You feel sick. The adder bites you.
* * * LOW HITPOINT WARNING * * *
Aiming: Shock (safe; 9% risk of failure)
Press: ? - help, Q - select action, (/) - cycle Shift-Dir - straight line The zap misses the adder.
* * * LOW HITPOINT WARNING * * *
You feel sick. The adder bites you but does no damage.
The adder barely misses you.
It was a potion of berserk rage.
A red film seems to cover your vision as you go berserk!
You feel yourself moving faster!
You feel mighty!
* * * LOW HITPOINT WARNING * * *
You feel sick. The adder bites you.
You die...

,******,* *,....###...###..###
,**,,..,** ****#..#..#..#.....#
,**,*#..,* *#.............#
,,,,,..?.* ######.#......#
,**,*#...##* ##.......†.
,**,*#.,...* #..#)....#.
,**,*#.J,#.### #..........
***,##$..#...##########..###.###.
***,...........S@.......#...#...#
,**,........#######.#...#...#...#
,***##......# #....###..#...#
,,,*........# ##..#...#..###.
*,,8.<.∩.8.##*****#...#...#...#..
**,*.......,,,,**,#...#...##..#..
**,*...$...,,,,*#..###.###..*,.##
,,,*.......,,,,*#..,,,...,..#..,.
,,,*.######*****#..***.###,.#,,*#


You could see an adder.

Vanquished Creatures
  2 dart slugs (D:1)
  4 ball pythons (D:1)
  An endoplasm (D:1)
  A giant cockroach (D:1)
  A goblin (D:1)
  5 hobgoblins
  2 quokkas (D:1)
  4 bats
  3 kobolds
  A rat (D:1)
24 creatures vanquished.

Notes
Turn   | Place    | Note
-------+----------+-------------------------------------------
     0 | D:1      | thromnambular the Ogre Air Elementalist began the quest for
                  | the Orb.
     0 | D:1      | Reached XP level 1. HP: 16/16 MP: 3/3
   146 | D:1      | Reached skill level 1 in Fighting
   212 | D:1      | Reached XP level 2. HP: 27/27 MP: 1/5
   890 | D:1      | Reached XP level 3. HP: 35/35 MP: 2/7
  1205 | D:2      | Reached skill level 3 in Spellcasting
  1208 | D:2      | Learned a level 2 spell: Static Discharge
  1242 | D:2      | Found Oxtiy's Magic Scroll Shop.
  1262 | D:2      | HP: 2/52 [poisoned by an adder]
  1262 | D:2      | Slain by an adder

Illustrated notes

Levels and vault maps discovered:
D:1:      dpeg_arrival_line_fractal, layout_rooms, minmay_misc_feat_cross
D:2:      layout_basic, serial_shops, shop_statue, serial_curves,
          eino_curves_01, eino_curves_04, minmay_strange_pillars, nicolae_titane

Skill      XL: |  1  2  3 |
---------------+----------+-----
Fighting       | 1 2 |  2.0
Dodging        | 2 |  2.4
Spellcasting   | 3 |  3.0
Stealth        | |  1.4
Conjurations   | |  0.8
Air Magic      | |  2.6

Action                     || total
---------------------------++-------
  Melee: Unarmed           ||    18
         Dagger            ||    37
         Punch             ||     1
   Cast: Shock             ||    52
    Use: Scroll            ||     1
         Potion            ||     1
   Stab: Sleeping          ||     1
 Armour: Robe              ||    13
  Dodge: Dodged            ||    40
